 Dungeon Crawl Stone Soup version 0.17.2-1-ge4368a0 (webtiles) character file.

4540 Goblin1989 the Basher (level 10, -8/76 HPs)
             Began as a Demonspawn Gladiator on Oct 25, 2016.
             Was an Initiate of Gozag.
             Blown up by Grum (16 damage)
             ... with a wand of disintegration
             ... on level 8 of the Dungeon.
             The game lasted 00:33:25 (9998 turns).

Goblin1989 the Basher (Demonspawn Gladiator)        Turns: 9998, Time: 00:33:26

Health: -8/76      AC: 16    Str: 18    XL:     10   Next: 17%
Magic:  10/10      EV:  4    Int:  9    God:    Gozag
Gold:   1138       SH: 10    Dex: 15    Spells: 0 memorised, 9 levels left

rFire  . . .     SeeInvis .     a - +1 flail
rCold  + . .     Clarity  .     n - +0 plate armour
rNeg   . . .     SustAt   .     g - +0 shield
rPois  .         Gourm    .     (helmet restricted)
rElec  +         Spirit   .     (no cloak)
rCorr  .         Warding  .     (no gloves)
rMut   .         Stasis   .     (no boots)
MR     .....                    (no amulet)
Stlth  ..........               (no ring)
                                u - ring of loudness (curse)

@: not resistant to hostile enchantments, extremely unstealthy
A: antennae 1, thin metallic scales 3, cold resistance 1, demonic guardian 1
a: Potion Petition, Call Merchant, Bribe Branch, Renounce Religion


You were on level 8 of the Dungeon.
You worshipped Gozag.
Gozag was noncommittal.
You were very hungry.

You visited 2 branches of the dungeon, and saw 11 of its levels.

You collected 1193 gold pieces.
You paid 55 gold pieces to Gozag.

Inventory:

Hand Weapons
 a - a +1 flail (weapon)
Missiles
 Z - 3 throwing nets (quivered) {=f, !d}
Armour
 g - a +0 shield (worn)
 n - a +0 plate armour (worn)
Jewellery
 r - an uncursed ring of ice
 t - an uncursed ring of teleportation
 u - a cursed ring of loudness (left hand)
Wands
 i - a wand of digging (24)
Scrolls
 c - a scroll of remove curse {@r2}
 h - a scroll of fear
 j - 2 scrolls of noise {!r}
 m - 5 scrolls of enchant weapon
 o - a scroll of amnesia
 s - a scroll of recharging
 R - 2 scrolls of identify {@r1}
 T - 7 scrolls of teleportation {!r, @r4}
Potions
 d - a potion of curing {@q1}
 f - a potion of magic
 l - a potion of ambrosia {!q}
 p - a potion of flight
Comestibles
 b - 4 fruits
 e - 3 bread rations {@e1}
 k - a meat ration {@e2}


   Skills:
 + Level 5.7 Fighting
 * Level 11.0 Maces & Flails
 - Level 1.7 Throwing
 + Level 4.7 Armour
 - Level 2.6 Dodging
 + Level 4.5 Shields


You had 9 spell levels left.
You didn't know any spells.

Dungeon Overview and Level Annotations

Branches:
Dungeon (10/15)            Temple (1/1) D:4            Lair (0/8) D:10
    Orc: D:9-12

Altars:
Ashenzari
Cheibriados
Dithmenos
Elyvilon
Fedhas
Gozag
Kikubaaqudgha
Makhleb
Okawaru
Qazlal
Ru
Sif Muna
Trog
Vehumet
Yredelemnul
Zin
The Shining One

Annotations:
D:8 Grum


Innate Abilities, Weirdness & Mutations

You have a pair of small antennae on your head.
You are completely covered in thin metallic scales (AC +4, rElec).
Your flesh is cold resistant.
A weak demonic guardian rushes to your aid.


Message History

You are too injured to fight recklessly!
You are too injured to fight recklessly!
You are too injured to fight recklessly!
You are too injured to fight recklessly!
You are too injured to fight recklessly!
You are too injured to fight recklessly!
You hit Grum.
Grum is lightly wounded.
Grum zaps a wand.
You are blasted!
* * * LOW HITPOINT WARNING * * *
You take 14 damage, and have 25/76 hp.
You sock Grum!
Grum is moderately wounded.
Grum zaps a wand.
You are blasted!
* * * LOW HITPOINT WARNING * * *
You take 17 damage, and have 8/76 hp.
MASSIVE DAMAGE!!
You hit Grum.
Grum is heavily wounded.
Grum zaps a wand.
You are blasted!
You die...

████(...█
██.██.██..███████.....
...)....█
███..............█.█.██
████....█
█......█..██████.█.█...
.. █....█ █.██...█..█
█.█.████ █.██....█
█.██.█.█..█ █.█.████
█.███████ █.██.█....█
█.█..... █ █
█.██.█<█.███████[██████
█
█.██.g.........<....███
█
█5████@█....███████....
█....█5████.█


█████ ████.█.█..█.█ █...^ █.█.█....█ █.███ ████.█.██.███ █.█ █....█.██.█ █.█
█...^█.██.█████████.█ █....█.██...........█ . ████g█.██████████████ You could
see Grum and a friendly white imp.

Vanquished Creatures
  The ghost of Goblin1989 the Martial Artist, a novice DsMo of Gozag (D:6)
  The ghost of Goblin1989 the Cudgeler, an amateur DsFi (D:4)
  A two-headed ogre (D:8)
  3 yaks
  2 hippogriffs (D:7)
  A hungry ghost (D:8)
  An insubstantial wisp (D:9)
  A wolf (D:8)
  The ghost of jacquesderrida the Ruffian, an amateur VSWn of Okawaru (D:5)
  An ice beast (D:7)
  A black bear (D:8)
  2 sky beasts
  An orc warrior (D:7)
  A crocodile (D:7)
  An ogre (D:5)
  4 centaurs
  4 giant frogs
  A big kobold (D:7)
  The ghost of Goblin1989 the Covert, an amateur SpAs (D:3)
  3 scorpions
  4 wights (D:7)
  A quasit (D:5)
  A centaur zombie (D:8)
  2 giant frog zombies
  7 crimson imps
  A jelly (D:7)
  A gnoll shaman (D:7)
  A centaur skeleton (D:6)
  3 hounds
  2 orc wizards
  2 iguanas
  6 worker ants
  A hound zombie (D:7)
  A worker ant zombie (D:9)
  5 adders
  12 gnolls
  A shadow imp (D:7)
  3 oozes
  4 adder skeletons
  2 worms
  6 giant geckos
  12 orcs
  5 hobgoblins
  8 jackals
  9 kobolds
  3 quokkas
  A ball python (D:7)
  6 bats
  3 giant cockroaches
  2 giant gecko skeletons
  4 giant newts
  4 goblins
  A jackal skeleton (D:7)
  6 rats
162 creatures vanquished.

Vanquished Creatures (collateral kills)
  A yak (D:5)
  A scorpion (D:5)
  A wight (D:7)
  A crimson imp (D:6)
  A giant frog skeleton (D:7)
  An orc wizard (D:7)
  A quokka (D:6)
7 creatures vanquished.

Grand Total: 169 creatures vanquished

Notes
Turn   | Place    | Note
--------------------------------------------------------------
     0 | D:1      | Goblin1989 the Demonspawn Gladiator began the quest for the Orb.
     0 | D:1      | Reached XP level 1. HP: 16/16 MP: 1/1
   339 | D:1      | Reached skill level 3 in Maces & Flails
   766 | D:1      | Gained mutation: A weak demonic guardian rushes to your aid. [demonic ancestry]
   766 | D:1      | Reached XP level 2. HP: 20/22 MP: 2/2
  1464 | D:2      | Reached XP level 3. HP: 20/27 MP: 3/3
  1707 | D:3      | Noticed Goblin1989's ghost (amateur SpAs)
  1795 | D:3      | Reached skill level 4 in Maces & Flails
  1833 | D:3      | Found a shadowy altar of Dithmenos.
  2282 | D:3      | Gained mutation: Your flesh is cold resistant. [demonic ancestry]
  2282 | D:3      | Reached XP level 4. HP: 29/33 MP: 4/4
  2313 | D:3      | Killed Goblin1989's ghost
  2313 | D:3      | Reached skill level 5 in Maces & Flails
  2467 | D:3      | Gained mutation: You are partially covered in thin metallic scales (AC +2). [demonic ancestry]
  2467 | D:3      | Reached XP level 5. HP: 38/38 MP: 5/5
  3067 | D:4      | Noticed Goblin1989's ghost (amateur DsFi)
  3180 | D:4      | Found a burning altar of Makhleb.
  3758 | D:4      | Found a staircase to the Ecumenical Temple.
  3767 | Temple   | Entered the Ecumenical Temple
  3826 | Temple   | Became a worshipper of Gozag Ym Sagoz the Greedy
  4354 | D:5      | Entered Level 5 of the Dungeon
  4391 | D:5      | Reached skill level 6 in Maces & Flails
  4405 | D:5      | Gained mutation: You are mostly covered in thin metallic scales (AC +3). [demonic ancestry]
  4405 | D:5      | Reached XP level 6. HP: 33/44 MP: 6/6
  4547 | D:4      | Killed Goblin1989's ghost
  4547 | D:4      | Reached skill level 7 in Maces & Flails
  4547 | D:4      | Gained mutation: You have a pair of small antennae on your head. [demonic ancestry]
  4547 | D:4      | Reached XP level 7. HP: 15/50 MP: 7/7
  4919 | D:5      | Noticed a centaur
  4926 | D:5      | Killed a centaur
  5131 | D:5      | Noticed jacquesderrida's ghost (amateur VSWn)
  5145 | D:5      | Killed jacquesderrida's ghost
  5145 | D:5      | Reached skill level 8 in Maces & Flails
  6134 | D:5      | Noticed a yak
  6135 | D:5      | Noticed a yak
  6136 | D:5      | Noticed a yak
  6137 | D:5      | Noticed a yak
  6139 | D:5      | Noticed a yak
  6142 | D:5      | Reached skill level 9 in Maces & Flails
  6142 | D:5      | Reached XP level 8. HP: 43/56 MP: 8/8
  6154 | D:5      | Killed a yak
  6154 | D:5      | Reached skill level 1 in Armour
  6154 | D:5      | Reached skill level 1 in Shields
  6169 | D:5      | Killed a yak
  6434 | D:5      | Killed a yak
  7025 | D:6      | Found a basalt altar of Yredelemnul.
  7162 | D:6      | Found an iron altar of Okawaru.
  7421 | D:6      | Noticed Goblin1989's ghost (novice DsMo)
  7444 | D:6      | Killed Goblin1989's ghost
  7444 | D:6      | Reached skill level 10 in Maces & Flails
  7444 | D:6      | Reached XP level 9. HP: 39/65 MP: 9/9
  8936 | D:7      | You fall through a shaft for 3 floors!
  8936 | D:10     | Entered Level 10 of the Dungeon
  8936 | D:10     | Found a staircase to the Lair.
  8936 | D:10     | Noticed a fire drake
  8980 | D:9      | Reached skill level 5 in Fighting
  9164 | D:7      | Found a blossoming altar of Fedhas.
  9420 | D:7      | Gained mutation: You are completely covered in thin metallic scales (AC +4, rElec). [demonic ancestry]
  9420 | D:7      | Reached XP level 10. HP: 74/74 MP: 10/10
  9763 | D:8      | Reached skill level 11 in Maces & Flails
  9787 | D:8      | Noticed Grum
  9998 | D:8      | Blown up by Grum

Action                   |  1- 3 |  4- 6 |  7- 9 | 10-12 || total
-------------------------+-------+-------+-------+-------++-------
Melee: Flail             |   125 |   133 |   563 |    54 ||   875
Throw: Throwing net      |       |       |     1 |       ||     1
  Use: Scroll            |       |     8 |     6 |     1 ||    15
       Potion            |       |     4 |     4 |     1 ||     9
 Stab: Distracted        |       |     2 |     5 |     2 ||     9
       Invisible         |       |       |     6 |       ||     6
  Eat: Chunk             |     4 |     4 |       |       ||     8
       Meat ration       |       |     1 |     1 |       ||     2
       Bread ration      |       |       |     2 |     1 ||     3
       Royal jelly       |       |       |     1 |       ||     1

Vault maps used:
D:1:      arrival_zaba_pyramid, solitary_fountain
D:2:      first_bread
D:3:      grunt_dithmenos_smoke, serial_park_tiny_1, kennysheep_cross_room
D:4:      old_standard_altar
D:6:      lemuel_coloured_pillars_altar, nicolae_overflow_crystal_walls,
          minivault_26
D:7:      nicolae_overflow_hidden_temple
D:8:      uniq_grum
D:9:      nemelex_deck, lemuel_doored_altar, nrook_mini_backslash,
          hangedman_misty_isle
D:10:     minmay_lair_entry_lava
Temple:   eino_temple_water_12
